 Dungeon Crawl Stone Soup version 0.27-a0-416-gca2cecf3c0 (webtiles) character file.

Game seed: 13437629777500158804

105 juan097 the Cudgeller (level 4, -5/37 HPs)
             Began as a Demigod Fighter on Feb 24, 2021.
             Slain by Robin
             ... wielding a +0 quarterstaff
              (8 damage)
             ... on level 2 of the Dungeon.
             The game lasted 00:06:44 (1829 turns).

juan097 the Cudgeller (Demigod Fighter)             Turns: 1829, Time: 00:06:47

Health: -5/37      AC:  6    Str: 21    XL:     4   Next: 29%
Magic:  6/6        EV:  7    Int: 10    God:
Gold:   78         SH:  9    Dex: 13    Spells: 3/3 levels left

rFire    . . .     SeeInvis .   a - +0 flail
rCold    . . .     Faith    .   c - +0 kite shield
rNeg     . . .     Spirit   .   b - +0 scale mail
rPois    .         Reflect  .   (no helmet)
rElec    .         Harm     .   (no cloak)
rCorr    .         Rampage  .   (no gloves)
Will     .....                  (no boots)
Stlth    ..........             (no amulet)
HPRegen  0.12/turn              (no ring)
MPRegen  0.10/turn              (no ring)

@: no status effects
A: high mp 1
a: no special abilities


You were on level 2 of the Dungeon.
You visited 1 branch of the dungeon, and saw 2 of its levels.

You collected 78 gold pieces.

Inventory:

Hand Weapons
 a - a +0 flail (weapon)
Missiles
 f - 21 arrows
 l - 45 sling bullets
 m - 66 stones (quivered)
Armour
 b - a +0 scale mail (worn)
 c - a +0 kite shield (worn)
Scrolls
 h - 2 scrolls of fear {unknown}
 i - a scroll of identify {unknown}
 k - a scroll of immolation {unknown}
 n - a scroll of teleportation {unknown}
Potions
 d - a potion of might
 e - a potion of heal wounds {unknown}
 g - a potion of curing {unknown}
 j - a potion of degeneration {unknown}


   Skills:
 - Level 2.6 Fighting
 * Level 3.9 Maces & Flails
 - Level 2.6 Armour
 + Level 3.3 Shields


You had 3 spell levels left.
You didn't know any spells.
Your spell library was empty.

Dungeon Overview and Level Annotations

Branches:
Dungeon (2/15)

Annotations:
D:2 Robin


Innate Abilities, Weirdness & Mutations

You have an increased reservoir of magic. (+10% MP)


Message History

Robin is lightly wounded.
Robin says, "Bow before me, strongest of all the hobgoblins!"
Robin hits you with a +0 quarterstaff. x2
You throw a stone.
The stone hits Robin but does no damage.
Robin is lightly wounded.
Robin hits you but does no damage.
You throw a stone. The stone hits Robin.
Robin is moderately wounded.
Robin barely misses you.
You throw a stone.
The stone hits Robin but does no damage.
Robin is moderately wounded.
You block Robin's attack.
You throw a stone. The stone closely misses Robin.
Robin hits you with a +0 quarterstaff.
You throw a stone. The stone barely misses Robin.
Robin hits you with a +0 quarterstaff! Robin hits you but does no damage.
You are too injured to fight recklessly!
You are too injured to fight recklessly!
You are too injured to fight recklessly!
You are too injured to fight recklessly!
You hit Robin.
Robin is heavily wounded.
Robin barely misses you.
You hit Robin.
Robin is heavily wounded.
Robin hits you with a +0 quarterstaff.
You closely miss Robin.
Robin is heavily wounded.
Robin says, "My army is invincible!"
Robin hits you with a +0 quarterstaff!
* * * LOW HITPOINT WARNING * * *
You hit Robin.
Robin is heavily wounded.
Robin says, "My goblins will feast on your bones."
Robin hits you with a +0 quarterstaff.
* * * LOW HITPOINT WARNING * * *
Robin hits you with a +0 quarterstaff!
You die...

######### ##........
#.(....## ##(.g...#
..#####(###..#
........g.#..# #####
.#......#@#..# ..... .
#.######)#..# ... .#..
#.#..#
#####.##########.#..#
......#........#....#
###.###.######.###.#######
....###.#......###........
#..##........#..........##
...##.#.#......#########..


You could see Robin.

Vanquished Creatures
  An orc priest (D:2)
  An adder (D:2)
  2 oozes
  4 dart slugs
  3 orcs (D:2)
  2 ball pythons
  6 bats
  3 giant cockroaches
  2 hobgoblins (D:2)
  5 frilled lizards (D:1)
  10 goblins
  5 kobolds
  3 rats (D:1)
47 creatures vanquished.

Notes
Turn   | Place    | Note
-------+----------+-------------------------------------------
     0 | D:1      | juan097 the Demigod Fighter began the quest for the Orb.
     0 | D:1      | Reached XP level 1. HP: 18/18 MP: 3/3
   268 | D:1      | Reached XP level 2. HP: 25/25 MP: 4/4
   930 | D:2      | Reached XP level 3. HP: 29/30 MP: 5/5
  1532 | D:2      | Reached XP level 4. HP: 36/37 MP: 6/6
  1532 | D:2      | Upgraded the game from 0.27-a0-412-g8dd771eca2 to
                  | 0.27-a0-416-gca2cecf3c0
  1810 | D:2      | Noticed Robin
  1829 | D:2      | Slain by Robin

Illustrated notes

Levels and vault maps discovered:
D:1:      sevenhm_arrival_forest_fort_large_4, layout_rooms
D:2:      layout_basic, hangedman_decor_clover_reticule, uniq_robin

Skill      XL: |  1  2  3 |
---------------+----------+-----
Maces & Flails | 2 3 |  3.9
Shields        | 3 |  3.3
Fighting       | |  2.6
Armour         | |  2.6

Action                   |  1- 3 |  4- 6 || total
-------------------------+-------+-------++-------
Melee: Flail             |   125 |    30 ||   155
Throw: Stone             |    17 |    20 ||    37
Armor: Scale mail        |    61 |    17 ||    78
Dodge: Dodged            |    33 |    17 ||    50
Block: Kite shield       |    58 |    26 ||    84

Table legend: (Time is in decaauts)
 A = Elapsed time spent in this place.
 B = Non-inter-level travel time spent in this place.
 C = Inter-level travel time spent in this place.
 D = Time resting spent in this place.
 E = Time spent auto-exploring this place.
 F = Levels seen in this place.
 G = Mean time per level.
                   A        B        C        D        E       F      G
               +--------+--------+--------+--------+--------+-----+--------+
         Total |   1916 |   1877 |     39 |      0 |   1339 |   2 |  958.0 |
       Dungeon |   1916 |   1877 |     39 |      0 |   1339 |   2 |  958.0 |
               +--------+--------+--------+--------+--------+-----+--------+

Top non-repeatable levels by time:
     D:2: 968 daAuts
     D:1: 948 daAuts
